 Dungeon Crawl Stone Soup version 0.19.4-10-g532645f (webtiles) character file.

1172 Magnus the Slasher (level 8, 0/58 HPs)
             Began as a Demonspawn Abyssal Knight on Feb 25, 2017.
             Was a Priest of Lugonu.
             Slain by vilekko's ghost (1 damage)
             ... on level 6 of the Dungeon.
             The game lasted 00:15:25 (6083 turns).

Magnus the Slasher (Demonspawn Abyssal Knight)      Turns: 6083, Time: 00:15:27

Health: 0/58       AC: 10    Str: 21      XL:     8   Next: 18%
Magic:  5/13       EV: 11    Int: 14      God:    Lugonu [***...]
Gold:   378        SH:  4    Dex: 12 (14) Spells: 0 memorised, 7 levels left

rFire  + . .     SeeInvis .     a - +1 falchion
rCold  . . .     Gourm    .     b - +0 leather armour
rNeg   . . .     Faith    .     (no shield)
rPois  .         Spirit   .     (no helmet)
rElec  .         Reflect  +     (no cloak)
rCorr  .         Harm     .     e - +0 pair of gloves
MR     .....                    (no boots)
Stlth  +.........               o - +4 amulet of reflection
                                r - +6 ring of strength
                                s - +2 ring of strength

@: sanguine armour
A: talons 2, fire resistance 1, spiny 1, sanguine armour 1
a: Depart the Abyss, Bend Space, Banish, Renounce Religion


You were on level 6 of the Dungeon.
You worshipped Lugonu.
Lugonu was most pleased with you.
You were very hungry.

You visited 1 branch of the dungeon, and saw 6 of its levels.
You visited the Abyss 1 time.

You collected 378 gold pieces.

Inventory:

Hand Weapons
 a - a +1 falchion (weapon)
Armour
 b - a +0 leather armour (worn)
 e - a +0 pair of gloves (worn)
Jewellery
 d - an uncursed amulet of the gourmand
 o - a +4 amulet of reflection (around neck)
 r - a +6 ring of strength (right hand)
 s - a +2 ring of strength (left hand)
 w - a cursed ring of flight {unknown}
 E - an uncursed ring of protection from cold
Wands
 k - a wand of flame (23/48)
 x - a wand of slowing (14/48)
 G - a wand of confusion (23/48)
Scrolls
 g - 2 scrolls of identify
 m - a scroll of immolation
 v - a scroll of amnesia
 y - a scroll of recharging
 B - a scroll of enchant weapon {unknown}
 F - 2 scrolls of remove curse {unknown}
 H - a scroll of magic mapping
 I - a scroll of vulnerability {unknown}
Potions
 f - a potion of might
 h - a potion of degeneration {unknown}
 j - 3 potions of flight
 l - a potion of lignification {unknown}
 p - a potion of brilliance {unknown}
 q - 2 potions of heal wounds
 t - 3 potions of agility
 u - a potion of berserk rage {unknown}
 z - a potion of resistance {unknown}
 A - 2 potions of curing
 C - a potion of haste {unknown}
 D - a potion of ambrosia {unknown}
 J - a potion of magic {unknown}
Comestibles
 c - 5 bread rations
 i - 3 slices of pizza
 n - a meat ration


   Skills:
 - Level 3.0 Fighting
 + Level 7.6 Long Blades
 - Level 1.7 Armour
 - Level 0.8 Dodging
 + Level 7.5 Invocations


You had 7 spell levels left.
You didn't know any spells.

Dungeon Overview and Level Annotations

Branches:
Dungeon (6/15)
 Temple: D:4-7

Altars:
Gozag
Vehumet
Yredelemnul

Shops:
D:4 (*

Annotations:
D:6 vilekko's ghost, novice MiFi


Innate Abilities, Weirdness & Mutations

You have razor-sharp toenails.
Your flesh is heat resistant. (rF+)
You are partially covered in sharp spines.
When seriously injured, your bleeding wounds create armour. (AC +6)


Message History

Vilekko's ghost freezes you.
* * * LOW HITPOINT WARNING * * *
Unknown command.
Press: ? - help, Shift-Dir - straight line, f - vilekko's ghost
Aim: vilekko's ghost, wielding a weapon of freezing (almost destroyed, chance to defeat MR: 62%) Vilekko's ghost resists with significant effort.
You feel somewhat more hungry. You block vilekko's ghost's attack.
Unknown command.
You don't know any spells.
Unknown command.
You don't know any spells.
Press: ? - help, Shift-Dir - straight line, f/p - vilekko's ghost
Aim: vilekko's ghost, wielding a weapon of freezing (almost destroyed, chance to defeat MR: 62%) Vilekko's ghost resists with significant effort.
You are feeling very hungry.
You can no longer corrupt the fabric of space.
Vilekko's ghost hits you.
* * * LOW HITPOINT WARNING * * *
Vilekko's ghost freezes you.
You die...

.............#.###.##
...............(....#
....#.#.............###.. .#
....................##..###.#
.....#..........[...........#
........)....>.......#......#
.....#......................#
................W...........#
................@....#......#
.##............#####.#......#
##..#........#..####.<......#
.................##..#......#
.))<........#.#.....##.####.#
..............###.#.##.# #.#
.....................#.####.#
.....##.....#.###........##.#
.....##.....#..###.##..#.##.#


You could see vilekko's ghost.

Vanquished Creatures
  3 ogres
  2 centaurs (D:5)
  A bullfrog (D:3)
  A centaur zombie (D:5)
  A bullfrog zombie (D:5)
  A quasit (D:6)
  4 hounds
  A human zombie (D:3)
  An orc priest (D:5)
  A bullfrog skeleton (D:4)
  2 orc wizards
  A gnoll shaman (D:5)
  3 worker ants
  2 worker ant zombies
  5 gnolls
  3 adders
  A shadow imp (D:5)
  An ooze (D:5)
  2 adder skeletons
  4 worms
  2 dart slugs
  2 leopard geckos
  22 orcs
  7 bats
  8 goblins
  12 hobgoblins
  3 jackals (D:5)
  6 kobolds
  3 quokkas
  3 frilled lizards
  A jackal skeleton (D:4)
  A quokka skeleton (D:5)
  7 rats
117 creatures vanquished.

Notes
Turn   | Place    | Note
-------+----------+-------------------------------------------
     0 | Abyss:1  | Magnus the Demonspawn Abyssal Knight began the quest for the Orb.
     0 | Abyss:1  | Reached XP level 1. HP: 18/18 MP: 2/2
     5 | D:1      | Escaped the Abyss
   409 | D:1      | Gained mutation: You have sharp toenails. [demonic ancestry]
   409 | D:1      | Reached XP level 2. HP: 22/24 MP: 3/3
   957 | D:2      | Reached ** piety under Lugonu
  1164 | D:2      | Gained mutation: You are partially covered in sharp spines. [demonic ancestry]
  1164 | D:2      | Reached XP level 3. HP: 21/29 MP: 4/4
  1681 | D:2      | You fall through a shaft for 2 floors!
  1691 | D:4      | Reached XP level 4. HP: 23/35 MP: 5/5
  1838 | D:4      | Found Zudugodgh's General Store.
  2350 | D:3      | Noticed a bullfrog
  2367 | D:3      | Killed a bullfrog
  2367 | D:3      | Reached skill level 5 in Long Blades
  2367 | D:3      | Reached XP level 5. HP: 20/41 MP: 6/6
  2587 | D:3      | Reached *** piety under Lugonu
  2618 | D:3      | Found a runed door.
  2618 | D:3      | Noticed a human
  2633 | D:3      | Found a basalt altar of Yredelemnul.
  3292 | D:4      | Found Educofal's Weapon Emporium.
  3430 | D:5      | Entered Level 5 of the Dungeon
  3468 | D:5      | Gained mutation: When seriously injured, your bleeding wounds create armour. (AC +6) [demonic ancestry]
  3468 | D:5      | Reached XP level 6. HP: 42/47 MP: 6/8
  4522 | D:5      | Gained mutation: Your flesh is heat resistant. (rF+) [demonic ancestry]
  4522 | D:5      | Reached XP level 7. HP: 36/52 MP: 10/10
  4558 | D:5      | Reached skill level 5 in Invocations
  5631 | D:6      | Gained mutation: You have razor-sharp toenails. [demonic ancestry]
  5631 | D:6      | Reached XP level 8. HP: 38/58 MP: 13/13
  5861 | D:6      | Found an opulent altar of Gozag.
  5875 | D:6      | Found a radiant altar of Vehumet.
  5955 | D:6      | Reached **** piety under Lugonu
  6044 | D:6      | Noticed vilekko's ghost (novice MiFi)
  6083 | D:6      | HP: 1/58 [vilekko's ghost (3)]
  6083 | D:6      | Slain by vilekko's ghost

Skill      XL: |  1  2  3  4  5  6  7  8 |
---------------+-------------------------+-----
Long Blades    | 2 3 4 5 6 7 |  7.6
Invocations    | 4 6 7 |  7.5
Fighting       | |  3.0
Armour         | |  1.7
Dodging        | |  0.8

Action                   |  1- 3 |  4- 6 |  7- 9 || total
-------------------------+-------+-------+-------++-------
Melee: Falchion          |    86 |   157 |   114 ||   357
       Kick              |    17 |    50 |    49 ||   116
Invok: Banish            |       |       |     2 ||     2
  Use: Scroll            |       |     5 |     6 ||    11
  Eat: Chunk             |     2 |     9 |     5 ||    16
Armor: Leather armour    |    13 |    31 |    18 ||    62
Dodge: Dodged            |    37 |    64 |    42 ||   143
Block: Other             |       |    19 |    21 ||    40
       Reflection        |       |       |     1 ||     1
       Rpst.: Falchion   |    14 |    16 |    12 ||    42
